 Dungeon Crawl Stone Soup version 0.29.1-1-gd02db69 (webtiles) character file.

Game seed: 12588287911697169516

48 bonegar the Sneak (level 3, 0/30 HPs)
             Began as a Naga Enchanter on Apr 10, 2023.
             Was a Follower of the Shining One.
             Slain by Ijyb
             ... wielding a +0 dagger
              (2 damage)
             ... on level 3 of the Dungeon.
             The game lasted 00:18:32 (2287 turns).

bonegar the Sneak (Naga Enchanter)                  Turns: 2287, Time: 00:18:35

Health: 0/30       AC:  2    Str: 10    XL:     3   Next: 72%
Magic:  3/6        EV: 10    Int: 15    God:    the Shining One [*.....]
Gold:   98         SH:  0    Dex: 13    Spells: 4/6 levels left

rFire   . . .      SeeInvis +   a - +1 dagger
rCold   . . .      Faith    .   (no shield)
rNeg    . . .      Spirit   .   b - +0 robe
rPois   +          Reflect  .   (no helmet)
rElec   .          Harm     .   (no cloak)
rCorr   .          Rampage  .   (no gloves)
Will    .....                   (no barding)
Stlth   ++........              (no amulet)
HPRegen 0.10/turn               (no ring)
MPRegen 0.10/turn               (no ring)

@: glowing, very slow
A: AC +1, large, see invisible, deformed body, poison resistance, slowness 2,
spit poison 1, naga tail 1
a: Spit Poison, Renounce Religion, Divine Shield


You were on level 3 of the Dungeon.
You worshipped the Shining One.
The Shining One was aware of your devotion.
You visited 1 branch of the dungeon, and saw 3 of its levels.

You collected 98 gold pieces.

Inventory:

Hand Weapons
 a - a +1 dagger (weapon)
Missiles
 i - 3 poisoned darts (quivered)
Armour
 b - a +0 robe (worn)
Jewellery
 n - a ring of flight
Scrolls
 f - a scroll of teleportation {unknown}
 h - a scroll of torment {unknown}
 j - 2 scrolls of identify {unknown}
 l - a scroll of fear {unknown}
 m - a scroll of magic mapping {unknown}
Potions
 c - 2 potions of invisibility
 d - a potion of might {unknown}
 e - 2 potions of curing
 g - a potion of flight {unknown}
 k - a potion of cancellation {unknown}


   Skills:
 + Level 0.3 Fighting
 + Level 1.1 Short Blades
 + Level 1.8 Dodging
 + Level 5.9 Stealth
 + Level 2.1 Spellcasting
 + Level 3.3 Hexes


You had 4 spell levels left.
You knew the following spells:

 Your Spells              Type           Power      Damage    Failure   Level
a - Ensorcelled Hibernat  Hex/Ice        12%        N/A       17%         2

Your spell library contained the following spells:

 Spells                   Type           Power      Damage    Failure   Level
 Confusing Touch          Hex            11%        N/A       17%         3
 Tukima's Dance           Hex            11%        N/A       17%         3
 Dazzling Flash           Conj/Hex       12%        N/A       32%         3


Dungeon Overview and Level Annotations

Branches:
Dungeon (3/15)

Altars:
The Shining One

Annotations:
D:3 Ijyb


Innate Abilities, Weirdness & Mutations

Your serpentine skin is tough. (AC +1)
You have supernaturally acute eyesight. (SInv)
Armour fits poorly on your strangely shaped body.
Your system is resistant to poisons. (rPois)
You cover ground very slowly.
You can spit poison.
You have a snake-like lower body.


Message History

You feel better. Ijyb barely misses you.
You hit Ijyb but do no damage.
Ijyb is moderately wounded.
Ijyb hits you with a +0 dagger.
You barely miss Ijyb.
Ijyb is heavily wounded.
Ijyb hits you with a +0 dagger.
Your divine halo glows too brightly to become invisible.
You barely miss Ijyb.
Ijyb is heavily wounded.
Ijyb looks more healthy.
You hit Ijyb but do no damage.
Ijyb is heavily wounded.
Ijyb hits you with a +0 dagger.
* * * LOW HITPOINT WARNING * * *
You hit Ijyb but do no damage.
Ijyb is heavily wounded.
Ijyb hits you with a +0 dagger.
* * * LOW HITPOINT WARNING * * *
You hit Ijyb.
Ijyb is heavily wounded.
Ijyb hits you with a +0 dagger. The Shining One protects you from harm!
You hit Ijyb but do no damage.
Ijyb is heavily wounded.
Ijyb barely misses you.
You hit Ijyb but do no damage.
Ijyb is heavily wounded.
Ijyb hits you with a +0 dagger.
* * * LOW HITPOINT WARNING * * *
You barely miss Ijyb.
Ijyb is heavily wounded.
Ijyb barely misses you.
You hit Ijyb.
Ijyb is heavily wounded.
Ijyb barely misses you.
You barely miss Ijyb.
Ijyb is heavily wounded.
Ijyb hits you with a +0 dagger.
You die...

#.# #.# #.# #####
#<###..... ###
####........ .. .
#.......##### #(###..
#............#......#
#...##.†.#####.g....#
...## ##..# ##@...###
## ##..# ###.......#
#..####...#####...
#..# #..### #
##..###.## #.......#
#....##### .......#
#...###.#


You could see Ijyb.

Vanquished Creatures
  2 worms (D:2)
  7 bats
  6 endoplasms
  2 giant cockroaches
  4 goblins
  4 hobgoblins
  2 jackals (D:1)
  2 quokkas
  2 ball pythons
  2 frilled lizards
  A kobold (D:1)
  2 rats (D:1)
36 creatures vanquished.

Vanquished Creatures (others)
  A fungus (D:2)
1 creature vanquished.

Grand Total: 37 creatures vanquished

Notes
Turn   | Place    | Note
-------+----------+-------------------------------------------
     0 | D:1      | bonegar the Naga Enchanter began the quest for the Orb.
     0 | D:1      | Reached XP level 1. HP: 15/15 MP: 3/3
   636 | D:1      | Reached XP level 2. HP: 22/22 MP: 5/5
   639 | D:1      | Learned a level 2 spell: Ensorcelled Hibernation
   687 | D:1      | Reached skill level 5 in Stealth
  1570 | D:2      | Reached XP level 3. HP: 28/28 MP: 3/6
  1979 | D:2      | Found a faded altar of an unknown god.
  1983 | D:2      | Prayed at the altar of an unknown god.
  1983 | D:2      | Became a worshipper of the Shining One
  1983 | D:2      | Reached * piety under the Shining One
  2262 | D:3      | Noticed Ijyb
  2282 | D:3      | The Shining One protects you from harm!
  2287 | D:3      | Slain by Ijyb

Illustrated notes

Levels and vault maps discovered:
D:1:      dpeg_arrival_lava_temple_mockup, layout_basic
D:2:      layout_basic, shapermc_ecumenical_altar_petra, st_stairs_14
D:3:      layout_rooms, chequers_temple_overflow_statue_of_worship,
          serial_corexii_hall, corexii_hall_statues_s, corexii_hall_statues_t,
          kennysheep_generic_room_16, uniq_jessica, uniq_natasha, uniq_ijyb

Skill      XL: |  1  2 |
---------------+-------+-----
Stealth        | 5 |  5.9
Fighting       | |  0.3
Short Blades   | |  1.1
Dodging        | |  1.8
Spellcasting   | |  2.1
Hexes          | |  3.3

Action                   || total
-------------------------++-------
Melee: Dagger            ||   120
       Punch             ||     2
Throw: Dart              ||     1
 Cast: Ensorcelled Hiber ||    11
 Abil: Spit Poison       ||     4
  Use: Potion            ||     3
 Stab: Sleeping          ||    15
Armor: Robe              ||    31
Dodge: Dodged            ||    66
